[Event "Titled Tuesday Blitz March 07 Late 2023"]
[White "Przybylski, Wojciech"]
[Black "Skaric, Djuro"]
[WhiteFideId "1117599"]
[BlackFideId "934569"]
[WhiteElo "2222"]
[BlackElo "2282"]
[Result "1/2-1/2"]
[Round "04"]
[TimeControl "180+2"]
[Date "2023.03.07"]
[WhiteClock "0:00:03"]
[BlackClock "0:00:20"]

1. d4 d6 2. e4 g6 3. Nc3 Bg7 4. Nf3 Nf6 5. h3 O-O 6. Be2 Nc6 7. d5 Ne5 8. Nxe5 dxe5 9. O-O h6 10. Be3 a6 11. h4 Ne8 12. f4 exf4 13. Bxf4 e5 14. Bg3 Nd6 15. Bd3 f5 16. exf5 gxf5 17. Qh5 e4 18. Be2 Qe8 19. Qxe8 Rxe8 20. Bh5 Re7 21. Bg6 e3 22. Rae1 Ne4 23. Nxe4 fxe4 24. c3 Bd7 25. Rxe3 Bb5 26. Rfe1 Rd8 27. Rxe4 Rxe4 28. Rxe4 Rxd5 29. Bxc7 Bc6 30. Re2 Bf6 31. Bg3 Rd1+ 32. Kh2 Kg7 33. h5 Ra1 34. a3 Rd1 35. Bf5 Rd5 36. Bg4 Rg5 37. Bf3 Rc5 38. Bxc6 Rxh5+ 39. Kg1 bxc6 40. Re6 Rb5 41. b4 Bxc3 42. Rxc6 Bd4+ 43. Kf1 a5 44. bxa5 Rxa5 45. Bd6 Bb2 46. Rc7+ Kg6 47. Bb4 Ra6 48. Rc2 Bd4 49. Ke2 Kf5 50. Kd3 Bg1 51. Rc8 Rg6 52. Rf8+ Ke6 53. Re8+ Kd7 54. Re2 Kc6 55. Kc4 Rg4+ 56. Kb3 Bd4 57. Rc2+ Kb5 58. a4+ Kb6 59. Bd2 h5 60. Bb4 h4 61. Re2 h3 62. gxh3 Rg3+ 63. Kc4 Bg1 64. Re6+ Kb7 65. Rh6 Be3 66. Kb5 Bxh6 67. a5 Rg5+ 68. Kc4 Ka6 69. Bd2 Rh5 70. Bc3 Rxh3 71. Bd4 Rh5 72. Bc3 Be3 73. Bb4 Bf4 74. Kd4 Bc7 75. Kc4 Bxa5 76. Bd6 Rh4+ 77. Kd5 Kb5 78. Be7 Bb4 79. Bxh4 1/2-1/2


[Site "https://www.chess.com"]

[Event "Titled Tuesday Blitz March 07 Late 2023"]
[White "Awoki, Daniel Teidi"]
[Black "Huber, Benedikt"]
[WhiteFideId "2100827"]
[BlackFideId "12923583"]
[WhiteElo "2087"]
[BlackElo "2199"]
[Result "0-1"]
[Round "04"]
[TimeControl "180+2"]
[Date "2023.03.07"]
[WhiteClock "0:00:01"]
[BlackClock "0:00:17"]

1. e4 c5 2. Nf3 e6 3. d3 Nc6 4. g3 d5 5. Qe2 Nf6 6. Bg2 Be7 7. O-O O-O 8. e5 Nd7 9. c4 d4 10. h4 Qc7 11. Bf4 a6 12. h5 h6 13. Nbd2 b5 14. Rfe1 bxc4 15. Nxc4 Nb6 16. Nxb6 Qxb6 17. b3 Bb7 18. Rac1 Nb4 19. Nd2 Bxg2 20. Kxg2 Nd5 21. Nc4 Qc6 22. Qe4 Rfc8 23. Rc2 a5 24. Nb2 Qb5 25. Na4 Rab8 26. Rec1 Nb4 27. Rd2 Rc7 28. Rc4 Rbc8 29. g4 Nd5 30. Rdc2 Nb4 31. Rd2 Nd5 32. Rdc2 Bg5 33. Bxg5 hxg5 34. Kg3 Nf4 35. Rd2 Rd7 36. Rcc2 Nd5 37. Nb2 Nc3 38. Qf3 Nxa2 39. h6 gxh6 40. Qf6 Nb4 41. Rc1 Nd5 42. Qxh6 Qb8 43. Rh1 Qxe5+ 44. Kg2 Nf4+ 45. Kf3 Qg7 46. Qxg7+ Kxg7 47. Nc4 Rb8 48. Nb2 Rxb3 49. Nc4 Nxd3 50. Kg3 Ne5+ 51. Kg2 Nxc4 52. Ra2 Ra3 53. Rc2 Rc3 54. Ra2 Rb7 0-1


[Site "https://www.chess.com"]

[Event "Titled Tuesday Blitz March 07 Late 2023"]
[White "Yeritsyan, Hayk"]
[Black "Fajdetic, Hrvoje"]
[WhiteFideId "13307320"]
[BlackFideId "14501945"]
[WhiteElo "2449"]
[BlackElo "2185"]
[Result "1/2-1/2"]
[Round "04"]
[TimeControl "180+2"]
[Date "2023.03.07"]
[WhiteClock "0:00:07"]
[BlackClock "0:00:07"]

1. d4 e6 2. Nf3 f5 3. Bf4 Nf6 4. h3 b6 5. e3 Bb7 6. Be2 Bd6 7. Bxd6 cxd6 8. O-O O-O 9. Nbd2 Nc6 10. c3 Ne7 11. Nc4 Qc7 12. Ncd2 Ne4 13. Nxe4 Bxe4 14. Nd2 Bc6 15. Bf3 b5 16. a4 a6 17. Qb3 Bxf3 18. Nxf3 Qc6 19. axb5 axb5 20. Nd2 Nd5 21. Rfc1 Nb6 22. Rxa8 Rxa8 23. c4 bxc4 24. Qb4 d5 25. b3 Rc8 26. bxc4 Nxc4 27. Nxc4 dxc4 28. Rc3 d5 29. Qe7 h6 30. g4 fxg4 31. hxg4 Rc7 32. Qd8+ Kh7 33. g5 hxg5 34. Qxg5 Qe8 35. Qg2 Qg6 36. Qxg6+ Kxg6 37. Kg2 Kf5 38. Kf3 Rb7 39. Ra3 Rc7 40. Ke2 g5 41. Ra8 Rb7 42. Rf8+ Kg4 43. Rf6 Rb2+ 44. Ke1 Rb6 45. Ke2 Rc6 46. Kd2 Kh3 47. Kc3 Kg2 48. Kc2 Kf1 49. f3 Ke2 50. e4 dxe4 51. fxe4 Ra6 52. d5 Ra2+ 53. Kb1 Ra3 54. Rxe6 Kd3 55. d6 Ra8 56. d7 Rd8 57. Kc1 Kd4 58. e5 g4 59. Re7 Kd5 60. e6 Kd6 61. Re8 Kc7 62. Re7 g3 63. Rg7 Kd6 64. Rg6 Ke7 65. Kc2 g2 66. Kc3 g1=Q 67. Rxg1 Kxe6 68. Re1+ Kxd7 69. Kxc4 Kc7 70. Kc5 Rd7 71. Re6 Rf7 72. Ra6 Rf5+ 73. Kc4 Rf4+ 74. Kc5 Rf5+ 75. Kc4 Rf4+ 76. Kc5 Rf5+ 1/2-1/2


[Site "https://www.chess.com"]

[Event "Titled Tuesday Blitz March 07 Late 2023"]
[White "Floresvillar Gonzalez, Luis Migu"]
[Black "Gonzalez, Francisco Silva"]
[WhiteFideId "5100542"]
[BlackFideId "1512285"]
[WhiteElo "2040"]
[BlackElo "2074"]
[Result "1/2-1/2"]
[Round "04"]
[TimeControl "180+2"]
[Date "2023.03.07"]
[WhiteClock "0:00:41"]
[BlackClock "0:01:10"]

1. d4 Nf6 2. c3 d5 3. Bg5 c5 4. Bxf6 gxf6 5. e3 Nc6 6. Nd2 e5 7. Ngf3 a6 8. g3 cxd4 9. exd4 e4 10. Nh4 f5 11. Ng2 Bd6 12. Be2 Qf6 13. Nb3 f4 14. Nxf4 Bxf4 15. gxf4 Qxf4 16. Qd2 Qh4 17. O-O-O Qxf2 18. Rdf1 Qh4 19. Rf4 Qe7 20. Rhf1 Be6 21. Nc5 O-O-O 22. b4 Qd6 23. b5 axb5 24. Bxb5 Rhg8 25. a4 Rg4 26. Nxe6 Rxf4 27. Nxf4 Rg8 28. Qf2 Rg4 29. h3 Rxf4 30. Qxf4 Qa3+ 31. Kd2 Qb2+ 32. Kd1 Qxc3 33. Qf5+ Kb8 34. Bxc6 Qd3+ 35. Ke1 Qe3+ 36. Kd1 Qd3+ 37. Kc1 Qc3+ 38. Kb1 Qb3+ 39. Ka1 Qa3+ 40. Kb1 Qb3+ 41. Kc1 Qc3+ 42. Kd1 Qd3+ 1/2-1/2


[Site "https://www.chess.com"]

[Event "Titled Tuesday Blitz March 07 Late 2023"]
[White "Koutlas, Nikolaos"]
[Black "Rose, Felix"]
[WhiteFideId "25827138"]
[BlackFideId "5105722"]
[WhiteElo "2215"]
[BlackElo "2039"]
[Result "1-0"]
[Round "04"]
[TimeControl "180+2"]
[Date "2023.03.07"]
[WhiteClock "0:01:33"]
[BlackClock "0:00:55"]

1. c4 e6 2. g3 d5 3. Bg2 Nf6 4. Nf3 dxc4 5. Qa4+ Nbd7 6. Qxc4 a6 7. a4 b5 8. Qc6 Rb8 9. O-O Bb7 10. Qc2 c5 11. axb5 axb5 12. d4 Qb6 13. Be3 Nd5 14. Bd2 cxd4 15. Ba5 Qc5 16. Qd2 e5 17. Rc1 Qd6 18. Na3 Ba8 19. Nxb5 Rxb5 20. Rc8+ Ke7 21. Bd8+ Ke6 22. Bh3+ f5 23. Ng5# 1-0


[Site "https://www.chess.com"]

[Event "Titled Tuesday Blitz March 07 Late 2023"]
[White "Cheng, Xiao"]
[Black "Beukes, Dante M"]
[WhiteFideId "2022915"]
[BlackFideId "15200540"]
[WhiteElo "2443"]
[BlackElo "2199"]
[Result "0-1"]
[Round "04"]
[TimeControl "180+2"]
[Date "2023.03.07"]
[WhiteClock "0:00:26"]
[BlackClock "0:00:19"]

1. e4 c5 2. Nf3 d6 3. d4 cxd4 4. Nxd4 Nf6 5. Nc3 a6 6. Be3 e5 7. Nb3 Be6 8. f3 h5 9. Qd2 Nbd7 10. O-O-O Rc8 11. Nd5 Bxd5 12. exd5 b5 13. Na5 Nb6 14. Bxb6 Qxb6 15. Kb1 g6 16. Qb4 Qc5 17. Qxc5 Rxc5 18. c4 bxc4 19. Nxc4 Rxd5 20. Rc1 Bh6 21. Nb6 Bxc1 22. Nxd5 Nxd5 23. Kxc1 a5 24. Bb5+ Ke7 25. Rd1 Rc8+ 26. Kd2 Nb4 27. Ba4 Nxa2 28. Bb3 Nb4 29. Ra1 Ra8 30. g4 hxg4 31. fxg4 d5 32. h4 Kd6 33. h5 gxh5 34. gxh5 Nc6 35. Rf1 Ke6 36. h6 Rh8 37. Rh1 Nd4 38. Bd1 f5 39. Bh5 Kf6 40. Bd1 Ne6 41. Bb3 Nf4 42. Bc2 Kg6 43. h7 e4 44. Ke3 Ne6 45. Bb3 f4+ 46. Ke2 Nd4+ 47. Kd2 Nxb3+ 48. Kc3 Nc5 49. Kd4 Rxh7 50. Rg1+ Kf5 51. Kxc5 f3 52. Kxd5 f2 53. Rf1 e3 54. Kd4 Kf4 55. b4 axb4 56. Kd3 Kf3 57. Kc2 e2 58. Kd2 exf1=Q 59. Kc2 Qe2+ 60. Kb3 Qd3+ 61. Ka4 Ra7+ 62. Kxb4 Qa3+ 63. Kc4 Rc7+ 64. Kd4 Qc3+ 65. Kd5 Rc5+ 66. Kd6 Qe5+ 67. Kd7 Rc7+ 68. Kd8 Qe7# 0-1


[Site "https://www.chess.com"]

[Event "Titled Tuesday Blitz March 07 Late 2023"]
[White "Rodriguez Santiago, Jaime"]
[Black "Mujumdar, Sameer"]
[WhiteFideId "3100898"]
[BlackFideId "2029707"]
[WhiteElo "2025"]
[BlackElo "2104"]
[Result "1-0"]
[Round "04"]
[TimeControl "180+2"]
[Date "2023.03.07"]
[WhiteClock "0:01:30"]
[BlackClock "0:01:28"]

1. c4 g6 2. Nc3 Bg7 3. g3 Nf6 4. Bg2 O-O 5. e4 d6 6. Nge2 c5 7. O-O Nc6 8. d3 Bd7 9. h3 a6 10. a4 Rb8 11. Be3 e5 12. f4 Nd4 13. f5 gxf5 14. Bg5 Qc8 15. Bxf6 Bxf6 16. Nxd4 cxd4 17. Nd5 Bd8 18. Qh5 fxe4 19. Nf6+ Bxf6 20. Rxf6 Kh8 21. Bxe4 1-0


[Site "https://www.chess.com"]

[Event "Titled Tuesday Blitz March 07 Late 2023"]
[White "Kraus, Tomas"]
[Black "Hartikainen, Jarmo"]
[WhiteFideId "331708"]
[BlackFideId "503134"]
[WhiteElo "2389"]
[BlackElo "2204"]
[Result "1-0"]
[Round "04"]
[TimeControl "180+2"]
[Date "2023.03.07"]
[WhiteClock "0:00:08"]
[BlackClock "0:00:04"]

1. e4 c5 2. Nc3 Nc6 3. f4 e6 4. Nf3 d5 5. d3 Be7 6. g3 h5 7. h3 Nf6 8. e5 Ng8 9. Bg2 Nh6 10. O-O Nf5 11. Qe1 b6 12. g4 hxg4 13. hxg4 Nh4 14. Nxh4 Bxh4 15. Qd1 Bg3 16. Rf3 Qh4 17. Ne2 Nd4 18. Nxg3 Nxf3+ 19. Qxf3 Bb7 20. Bd2 Rb8 21. Be1 d4 22. Ne4 Qh2+ 23. Kf1 Ke7 24. Bg3 Qh7 25. Kf2 Bxe4 26. Qxe4 Qxe4 27. Bxe4 f6 28. exf6+ gxf6 29. g5 Rbf8 30. gxf6+ Kxf6 31. Rh1 Rxh1 32. Bxh1 Kf5 33. Be4+ Kg4 34. Bf3+ Kf5 35. a4 Rf7 36. Be4+ Kg4 37. Bf3+ Kf5 38. b3 Rg7 39. Be4+ Kg4 40. Bf3+ Kf5 41. Bh4 Rh7 42. Kg3 Rg7+ 43. Bg5 Rg8 44. Bg4+ 1-0


[Site "https://www.chess.com"]

[Event "Titled Tuesday Blitz March 07 Late 2023"]
[White "Lacey, Patrick"]
[Black "Gamage, Wanshini Vidusama"]
[WhiteFideId "2032007"]
[BlackFideId "9953752"]
[WhiteElo "2429"]
[BlackElo "2187"]
[Result "1/2-1/2"]
[Round "04"]
[TimeControl "180+2"]
[Date "2023.03.07"]
[WhiteClock "0:00:59"]
[BlackClock "0:01:17"]

1. Nf3 Nf6 2. c4 g6 3. Nc3 Bg7 4. g3 O-O 5. Bg2 c5 6. O-O Nc6 7. e3 e6 8. d4 cxd4 9. Nxd4 Nxd4 10. exd4 d5 11. cxd5 Nxd5 12. Be3 Nxc3 13. bxc3 Qc7 14. Qb3 Rb8 15. Rab1 b6 16. Rfe1 Ba6 17. Bf4 e5 18. dxe5 Bc4 19. Qa3 Be6 20. Red1 Bxe5 21. Bxe5 Qxe5 22. Qxa7 Qxc3 23. a4 Qa5 24. Qxa5 bxa5 25. Rb5 Bb3 26. Ra1 Rxb5 27. axb5 a4 28. b6 Rb8 29. b7 Kf8 30. Kf1 Ke7 31. Ke1 Kd6 32. Kd2 Bd5 33. Bxd5 Kxd5 34. Rxa4 Rxb7 1/2-1/2


[Site "https://www.chess.com"]

[Event "Titled Tuesday Blitz March 07 Late 2023"]
[White "Pein, Jonathan"]
[Black "Chemin, Justo Reinaldo"]
[WhiteFideId "417092"]
[BlackFideId "2101580"]
[WhiteElo "2151"]
[BlackElo "1940"]
[Result "1-0"]
[Round "04"]
[TimeControl "180+2"]
[Date "2023.03.07"]
[WhiteClock "0:00:43"]
[BlackClock "0:00:22"]

1. e4 e5 2. Nf3 Nc6 3. Bb5 g6 4. d4 exd4 5. Nxd4 Bg7 6. Be3 Nge7 7. Nc3 O-O 8. Qd2 d6 9. O-O-O Ne5 10. f3 a6 11. Be2 b5 12. Bh6 c5 13. Nb3 Be6 14. h4 f5 15. Bxg7 Kxg7 16. Qxd6 Qxd6 17. Rxd6 Bxb3 18. axb3 f4 19. h5 g5 20. h6+ Kf7 21. Rh5 Rg8 22. Nd5 Nxd5 23. Rxd5 Rae8 24. Rxc5 Kg6 25. Rh1 Re6 26. b4 Nf7 27. Bd3 Ne5 28. Be2 Nf7 29. c3 Nxh6 30. Bd3 Kg7 31. Rc7+ Nf7 32. Bc2 h6 33. Bb3 Rf6 34. e5 Rf5 35. e6 Rf8 36. Rxf7+ R8xf7 37. exf7 Rf6 38. Re1 h5 39. Re8 Rxf7 40. Bxf7 Kxf7 41. Ra8 g4 42. Rxa6 1-0


[Site "https://www.chess.com"]

[Event "Titled Tuesday Blitz March 07 Late 2023"]
[White "Saya, Ethan"]
[Black "Quispe Santacruz, Javier"]
[WhiteFideId "26095181"]
[BlackFideId "3800920"]
[WhiteElo "2150"]
[BlackElo "1875"]
[Result "0-1"]
[Round "04"]
[TimeControl "180+2"]
[Date "2023.03.07"]
[WhiteClock "0:01:21"]
[BlackClock "0:01:28"]

1. d4 Nf6 2. c4 e6 3. g3 Bb4+ 4. Bd2 Bxd2+ 5. Nxd2 O-O 6. Bg2 d6 7. Ngf3 Nc6 8. e4 e5 9. d5 Ne7 10. Nh4 Bg4 11. Bf3 Bh3 12. Bg2 Bg4 13. f3 Bd7 14. O-O g5 15. Nf5 Bxf5 16. exf5 Nxf5 17. Qe2 Nd4 18. Qd3 Qd7 19. Ne4 Nxe4 20. Qxe4 Qf5 21. Rae1 Qxe4 22. fxe4 f5 23. exf5 Rxf5 24. Rxf5 Nxf5 25. Bh3 Nd4 26. b4 Nf3+ 27. Kf2 Nxe1 28. Kxe1 Kg7 29. c5 Rf8 30. Ke2 h5 31. Be6 g4 32. a4 Rf3 33. b5 dxc5 34. a5 Ra3 35. b6 axb6 36. axb6 cxb6 37. d6 Ra8 38. d7 Rd8 39. h3 gxh3 40. Bxh3 Kf6 41. Ke3 Ke7 42. Ke4 Rxd7 43. Bxd7 Kxd7 44. Kf5 b5 45. Kg5 b4 46. Kxh5 b3 47. g4 b2 48. g5 b1=Q 49. g6 Qxg6+ 50. Kh4 Ke6 0-1


[Site "https://www.chess.com"]

[Event "Titled Tuesday Blitz March 07 Late 2023"]
[White "Dorato, Adriano"]
[Black "Hoffmann, Asa"]
[WhiteFideId "2802894"]
[BlackFideId "2001470"]
[WhiteElo "1709"]
[BlackElo "2117"]
[Result "0-1"]
[Round "04"]
[TimeControl "180+2"]
[Date "2023.03.07"]
[WhiteClock "0:00:07"]
[BlackClock "0:01:01"]

1. d4 Nf6 2. Nf3 d6 3. e3 Bf5 4. Bd3 Bg6 5. Nbd2 Nbd7 6. O-O e5 7. e4 Be7 8. dxe5 dxe5 9. Re1 O-O 10. b3 Re8 11. Bb2 Bb4 12. a3 Ba5 13. b4 Bb6 14. Nc4 Ng4 15. Re2 f6 16. h3 Nh6 17. Nxb6 Nxb6 18. Rd2 Qe7 19. Qe2 Nf7 20. Nh4 Rad8 21. Nxg6 hxg6 22. Rad1 c6 23. Qg4 g5 24. Qe2 Qe6 25. c4 c5 26. bxc5 Na4 27. Ba1 Nxc5 28. Bc2 b6 29. Rxd8 Rxd8 30. Rxd8+ Nxd8 31. Qd2 Qd7 32. Qxd7 Nxd7 33. Bc3 Nc5 34. Bb4 Nde6 35. Bxc5 Nxc5 36. Kf1 Ne6 37. Ke2 Kf8 38. Ke3 Ke7 39. Ba4 Kd6 40. Bb5 Kc5 41. a4 a5 42. g3 Nd4 43. Kd3 Nxb5 44. cxb5 Kb4 45. f3 Kxa4 46. Kc4 Ka3 47. Kd5 a4 48. Kc6 Kb3 49. Kxb6 a3 50. Kc7 a2 51. b6 a1=Q 52. b7 Qc3+ 53. Kb8 Kc2 54. Ka8 Qa5+ 55. Kb8 Kd3 56. Kc8 Qc5+ 57. Kd7 Qb6 58. Kc8 Qc6+ 59. Kb8 Ke3 60. Ka7 Qxb7+ 61. Kxb7 Kxf3 62. Kc6 Kxe4 63. Kd6 Kf3 64. Ke6 Kxg3 0-1


[Site "https://www.chess.com"]

[Event "Titled Tuesday Blitz March 07 Late 2023"]
[White "Grot, Blazej"]
[Black "Vargas Pereda, Jesus Manue"]
[WhiteFideId "21835845"]
[BlackFideId "5115710"]
[WhiteElo "1823"]
[BlackElo "1914"]
[Result "0-1"]
[Round "04"]
[TimeControl "180+2"]
[Date "2023.03.07"]
[WhiteClock "0:00:08"]
[BlackClock "0:00:26"]

1. f3 d5 2. Kf2 e5 3. g3 Nf6 4. d3 Bd6 5. Bg2 O-O 6. Bg5 Nbd7 7. Nc3 c6 8. e4 d4 9. Nce2 Qb6 10. Rb1 h6 11. Bxf6 Nxf6 12. h4 Be6 13. Bh3 Bxa2 14. Ra1 Qxb2 15. g4 Be6 16. g5 Nh5 17. gxh6 gxh6 18. Rb1 Qa2 19. Rxb7 Rab8 20. Bxe6 fxe6 21. Rxb8 Rxb8 22. Qd2 Kh7 23. Nh3 Be7 24. Nc1 Bxh4+ 25. Ke2 Ng3+ 26. Kd1 Rb1 27. Ng5+ hxg5 28. Qxg5 Rxc1+ 29. Kxc1 Qa1+ 30. Kd2 Qxh1 31. Qxe5 Nf1+ 32. Kc1 Ne3+ 33. Kb2 Nd1+ 34. Kb3 Qe1 35. Qc7+ Kg6 36. Qc8 Qc3+ 37. Ka4 Nb2# 0-1


[Site "https://www.chess.com"]

[Event "Titled Tuesday Blitz March 07 Late 2023"]
[White "Ricaurte Lopez, Juan Carlos"]
[Black "Hajiyev, Kanan"]
[WhiteFideId "3600327"]
[BlackFideId "13404148"]
[WhiteElo "2209"]
[BlackElo "2103"]
[Result "1-0"]
[Round "04"]
[TimeControl "180+2"]
[Date "2023.03.07"]
[WhiteClock "0:01:13"]
[BlackClock "0:00:19"]

1. e3 c5 2. f3 d5 3. b3 Nc6 4. Bb2 Nf6 5. g3 g6 6. Bg2 Bg7 7. Ne2 O-O 8. O-O d4 9. a4 Nd5 10. exd4 cxd4 11. Nc1 h5 12. Na3 Bf5 13. g4 hxg4 14. fxg4 Be6 15. Nd3 Ne5 16. Nxe5 Bxe5 17. Qf3 Qd6 18. h3 a6 19. Nc4 Qc7 20. Nxe5 Qxe5 21. Rae1 Qg7 22. Qe4 Nb4 23. Bxd4 Qh6 24. Be3 f5 25. Qxb4 f4 26. Bd4 g5 27. Qxe7 Rae8 28. Rxe6 Qxe6 29. Qxe6+ Rxe6 30. Bd5 Kf7 31. Re1 Re8 32. Rxe6 Rxe6 33. Kf2 Ke7 34. Bxe6 Kxe6 1-0


[Site "https://www.chess.com"]

[Event "Titled Tuesday Blitz March 07 Late 2023"]
[White "Dylag, Emilia"]
[Black "Munoz Misselis, Nelson Carlos"]
[WhiteFideId "21805172"]
[BlackFideId "6601790"]
[WhiteElo "1878"]
[BlackElo "1749"]
[Result "1-0"]
[Round "04"]
[TimeControl "180+2"]
[Date "2023.03.07"]
[WhiteClock "0:01:55"]
[BlackClock "0:00:28"]

1. d4 b6 2. c4 Bb7 3. Nc3 Nf6 4. f3 e6 5. e4 d6 6. Bd3 Be7 7. Nge2 Nbd7 8. O-O O-O 9. f4 c5 10. d5 a6 11. a4 Rb8 12. Ng3 Re8 13. Bc2 Nf8 14. Re1 Qd7 15. e5 dxe5 16. fxe5 1-0


[Site "https://www.chess.com"]

[Event "Titled Tuesday Blitz March 07 Late 2023"]
[White "tandercat"]
[Black "Poliakova, Varvara"]
[BlackFideId "13518313"]
[WhiteElo "1908"]
[BlackElo "2075"]
[Result "0-1"]
[Round "04"]
[TimeControl "180+2"]
[Date "2023.03.07"]
[WhiteClock "0:00:01"]
[BlackClock "0:00:37"]

1. d4 f5 2. c4 d6 3. Nc3 Nf6 4. e3 g6 5. Bd3 Bg7 6. Nge2 O-O 7. f3 Nc6 8. O-O e5 9. a3 a5 10. Qc2 exd4 11. exd4 Nh5 12. Be3 Qe7 13. Bf2 Nd8 14. Rfe1 Qf7 15. d5 Nf6 16. Nd4 Nd7 17. Ne6 Ne5 18. Nxf8 Bxf8 19. Nb5 b6 20. Nd4 Nb7 21. b4 Bg7 22. Re2 axb4 23. a4 Nc5 24. Rd2 Nexd3 25. Rxd3 Nxd3 26. Qxd3 Bd7 27. Qb3 Bf6 28. Qxb4 Qg7 29. Rd1 Rxa4 30. Qb3 Ra8 31. Ne6 Bxe6 32. dxe6 Qe7 33. Re1 Be5 34. c5 bxc5 35. Qb7 Ra1 0-1


[Site "https://www.chess.com"]

[Event "Titled Tuesday Blitz March 07 Late 2023"]
[White "mohsengabr2002"]
[Black "Jovic, Stanoje"]
[BlackFideId "905020"]
[WhiteElo "2302"]
[BlackElo "2236"]
[Result "1-0"]
[Round "04"]
[TimeControl "180+2"]
[Date "2023.03.07"]
[WhiteClock "0:01:21"]
[BlackClock "0:00:01"]

1. g3 d5 2. f3 e5 3. e3 c5 4. d3 Nc6 5. c3 f5 6. Nh3 Nf6 7. Bg2 Bd6 8. f4 e4 9. Nf2 O-O 10. O-O Be6 11. dxe4 fxe4 12. g4 c4 13. Na3 Bxa3 14. bxa3 Nd7 15. a4 Nc5 16. Ba3 Nd3 17. Bxf8 Qxf8 18. Rb1 b6 19. Nxe4 dxe4 20. Bxe4 Qc5 21. Qf3 Rc8 22. Rb5 Qa3 23. Bxc6 Rd8 24. Bd5 Bxd5 25. Rxd5 Re8 26. Rd4 Nc5 27. Rxc4 Kh8 28. f5 Qxa2 29. Rf4 Qd2 30. f6 gxf6 31. Rxf6 Qxe3+ 32. Qxe3 Rxe3 33. R6f3 Re4 34. Rf4 Re3 35. R1f3 Re2 36. Rf7 Kg8 37. Rxa7 Ne4 38. Rd3 Nf6 39. Rd8+ Ne8 40. Raa8 Kf7 41. Rxe8 Rxe8 42. Rxe8 Kxe8 43. Kf2 Kd7 44. Ke3 Ke6 45. h4 Ke5 46. c4 h6 47. g5 1-0


[Site "https://www.chess.com"]

[Event "Titled Tuesday Blitz March 07 Late 2023"]
[White "Sailer, Mike"]
[Black "Rostomyan, Mikayel"]
[WhiteFideId "2012901"]
[BlackFideId "13313754"]
[WhiteElo "2109"]
[BlackElo "2009"]
[Result "0-1"]
[Round "04"]
[TimeControl "180+2"]
[Date "2023.03.07"]
[WhiteClock "0:00:02"]
[BlackClock "0:00:39"]

1. d4 Nf6 2. Bg5 d5 3. Bxf6 gxf6 4. e3 e5 5. Nf3 c5 6. Bb5+ Bd7 7. Bxd7+ Qxd7 8. dxc5 Na6 9. Nbd2 Nxc5 10. Qe2 Be7 11. O-O-O O-O-O 12. Kb1 Kb8 13. Rc1 Rc8 14. c4 Qf5+ 15. Ka1 Nd3 16. Rc3 Bb4 17. Rxd3 dxc4 18. Rd5 c3 19. e4 cxd2 20. Nxd2 Qf4 21. Nb3 f5 22. f3 fxe4 23. Qxe4 Qxe4 24. fxe4 Rc2 25. Rxe5 Rxg2 26. a3 Bd6 27. Rf5 Bxh2 28. Rxf7 Be5 29. Rb1 h5 30. Nc5 Kc8 31. Nxb7 h4 32. Na5 h3 33. Rc1+ Kd8 34. Nc6+ Ke8 35. Re7+ Kf8 36. Rf1+ Kg8 37. Rxe5 h2 38. Re8+ Kg7 39. Re7+ Kh6 40. Re6+ Kg5 41. Rf5+ Kh4 42. Rf4+ Kg3 43. Rg6+ Kxf4 44. Rxg2 h1=Q+ 0-1


[Site "https://www.chess.com"]

[Event "Titled Tuesday Blitz March 07 Late 2023"]
[White "Ward, Ieuan C"]
[Black "ritanovikova"]
[WhiteFideId "406627"]
[WhiteElo "2335"]
[BlackElo "2129"]
[Result "1-0"]
[Round "04"]
[TimeControl "180+2"]
[Date "2023.03.07"]
[WhiteClock "0:02:19"]
[BlackClock "0:02:34"]

1. d4 e5 2. dxe5 Nc6 3. Nf3 Qe7 4. Bf4 Qb4+ 5. Bd2 Qxb2 6. Nc3 a6 7. Rb1 Qa3 8. Rb3 Qe7 9. Nd5 Qd8 10. Bg5 Nge7 11. e4 h6 12. Bh4 d6 13. exd6 Qxd6 14. Bg3 Qg6 15. Nxc7# 1-0


[Site "https://www.chess.com"]

[Event "Titled Tuesday Blitz March 07 Late 2023"]
[White "Souza, Gustavo Horokoski De"]
[Black "Sarkar, Justin"]
[WhiteFideId "2146584"]
[BlackFideId "2010011"]
[WhiteElo "1859"]
[BlackElo "2189"]
[Result "1-0"]
[Round "04"]
[TimeControl "180+2"]
[Date "2023.03.07"]
[WhiteClock "0:00:48"]
[BlackClock "0:00:03"]

1. d4 Nf6 2. c4 e6 3. Nc3 Bb4 4. e3 c6 5. Ne2 d5 6. a3 Ba5 7. b4 Bc7 8. Ng3 O-O 9. Bb2 a5 10. b5 e5 11. cxd5 Nxd5 12. bxc6 Nxc3 13. Bxc3 Nxc6 14. d5 Ne7 15. e4 f5 16. exf5 Nxf5 17. Bc4 Nd6 18. Ba2 e4 19. O-O b5 20. Qd4 Qg5 21. Nxe4 Nxe4 22. Qxe4 Bd6 23. Bb1 g6 24. Qd4 1-0


[Site "https://www.chess.com"]

[Event "Titled Tuesday Blitz March 07 Late 2023"]
[White "Vanek, Tomas"]
[Black "Vargas Rodriguez, Wilver"]
[WhiteFideId "313459"]
[BlackFideId "3509672"]
[WhiteElo "2052"]
[BlackElo "2238"]
[Result "0-1"]
[Round "04"]
[TimeControl "180+2"]
[Date "2023.03.07"]
[WhiteClock "0:00:32"]
[BlackClock "0:00:06"]

1. d4 Nf6 2. Bg5 e6 3. e4 d6 4. Nc3 h6 5. Bc1 Nbd7 6. h4 e5 7. Nge2 g6 8. g3 Bg7 9. Bg2 O-O 10. O-O c6 11. f3 Qe7 12. Kh2 Nb6 13. dxe5 dxe5 14. b3 Be6 15. Bb2 Rad8 16. Qe1 Nh5 17. Qf2 Rd2 18. Rac1 Rfd8 19. Rfd1 f5 20. exf5 gxf5 21. Rxd2 Rxd2 22. Qe1 Qd6 23. Rd1 Rxd1 24. Qxd1 Nd5 25. Nxd5 Bxd5 26. Nc3 e4 27. f4 Nxf4 28. gxf4 Qxf4+ 29. Kg1 Qe3+ 30. Kh1 Bxc3 31. Bxc3 Qxc3 32. Qh5 Qf6 33. Bh3 e3+ 34. Kg1 f4 35. Qe8+ Kg7 36. Qd7+ Qf7 37. Qg4+ Qg6 38. Kf1 Qxg4 39. Bxg4 f3 40. c4 Be4 41. h5 Kf6 42. Bc8 b6 43. Bd7 Ke5 44. b4 c5 45. bxc5 bxc5 46. Be8 Bd3+ 47. Kg1 Bxc4 48. Kh2 f2 49. Bf7 f1=Q 50. Bxc4 Qxc4 51. Kg3 Qf4+ 52. Kh3 e2 53. a4 e1=Q 54. a5 Qeg3# 0-1


[Site "https://www.chess.com"]

[Event "Titled Tuesday Blitz March 07 Late 2023"]
[White "Levine, David"]
[Black "Sai Han Thiha"]
[WhiteFideId "2011611"]
[BlackFideId "13012290"]
[WhiteElo "2072"]
[BlackElo "1954"]
[Result "0-1"]
[Round "04"]
[TimeControl "180+2"]
[Date "2023.03.07"]
[WhiteClock "0:00:01"]
[BlackClock "0:00:03"]

1. d4 Nf6 2. c4 e6 3. g3 d5 4. Bg2 dxc4 5. Nf3 c5 6. O-O Nc6 7. Qa4 Bd7 8. Qxc4 cxd4 9. Nxd4 Rc8 10. Nc3 Nxd4 11. Qxd4 Bc5 12. Qh4 b6 13. Bf4 Be7 14. Be5 O-O 15. Rfd1 Qe8 16. Qg5 h6 17. Qd2 Bc6 18. f3 Bc5+ 19. Kh1 Nd5 20. Nxd5 Bxd5 21. e4 Bc6 22. Rac1 Qe7 23. Qe2 Bb7 24. Qb5 Rfd8 25. a3 a6 26. Qe2 a5 27. Bc3 f6 28. Rxd8+ Rxd8 29. Rd1 Rd7 30. h4 Kh7 31. Bh3 Rd6 32. Rxd6 Qxd6 33. Kg2 Bc8 34. Qd2 Qxd2+ 35. Bxd2 a4 36. Kf1 Bd4 37. Bc1 Ba6+ 38. Kg2 Bc4 39. f4 Kg6 40. Kf3 Kf7 41. h5 Ke7 42. Bg2 Kd6 43. g4 Bb3 44. Bh3 Kc5 45. g5 fxg5 46. fxg5 hxg5 47. Kg4 Bd1+ 48. Kxg5 Kc4 49. Bxe6+ Kd3 50. Bd5 Kc2 51. Bf4 Kxb2 52. h6 gxh6+ 53. Kxh6 Kxa3 54. Bd6+ Bc5 0-1


[Site "https://www.chess.com"]

[Event "Titled Tuesday Blitz March 07 Late 2023"]
[White "Erzhanov, Arman"]
[Black "rikchessmx"]
[WhiteFideId "4138821"]
[WhiteElo "2138"]
[BlackElo "2184"]
[Result "1-0"]
[Round "04"]
[TimeControl "180+2"]
[Date "2023.03.07"]
[WhiteClock "0:00:07"]
[BlackClock "0:01:07"]

1. e4 e5 2. Nf3 Nc6 3. Bb5 a6 4. Bxc6 dxc6 5. O-O f6 6. d4 exd4 7. Nxd4 Qe7 8. Bf4 h5 9. Nf5 Qf7 10. Re1 g5 11. Bd2 Ne7 12. Ba5 Ng6 13. Nd2 b6 14. Bc3 Be6 15. Nf3 g4 16. N3d4 O-O-O 17. Qe2 Bc4 18. Qe3 c5 19. Ne2 Re8 20. Nf4 Ne7 21. Nxe7+ Rxe7 22. b3 Be6 23. Qd3 Rd7 24. Qxa6+ Kb8 25. Nxe6 Qxe6 26. a4 g3 27. fxg3 h4 28. gxh4 Rg8 29. a5 Rdg7 30. Re2 Rxg2+ 31. Rxg2 Rxg2+ 32. Kxg2 Qxe4+ 33. Kf2 Qf4+ 34. Ke2 Qxh2+ 35. Kd3 Qg3+ 36. Kc4 Qf4+ 37. Kb5 c6+ 38. Kxc6 Qf3+ 39. Kxb6 Qxc3 40. Qa7+ Kc8 41. Qc7# 1-0


[Site "https://www.chess.com"]